 Dungeon Crawl Stone Soup version 0.21.0 (webtiles) character file.

56 tidbits the Sneak (level 3, 14/14 HPs)
             Began as a Felid Earth Elementalist on Jan 6, 2018.
             Was a Follower of Uskayaw.
             Quit the game on level 5 of the Dungeon.
             The game lasted 00:05:43 (842 turns).

tidbits the Sneak (Felid Earth Elementalist)         Turns: 842, Time: 00:05:44

Health: 14/14      AC:  1    Str:  5    XL:     3   Next: 69%
Magic:  7/7        EV: 18    Int: 16    God:    Uskayaw [*.....]
Gold:   66         SH:  0    Dex: 16    Spells: 3/6 levels left
                                        Lives:  0   Deaths: 1

rFire    . . .     SeeInvis +   c - 3 rations
rCold    . . .     Gourm    .   (shield unavailable)
rNeg     . . .     Faith    .   (armour unavailable)
rPois    .         Spirit   .   (helmet unavailable)
rElec    .         Reflect  .   (cloak unavailable)
rCorr    .         Harm     .   (gloves unavailable)
MR       .....                  (boots unavailable)
Stlth    +++.......             (no amulet)
HPRegen  0.04/turn              (no ring)
MPRegen  0.10/turn              (no ring)

@: quick
A: very small, no armour, no weapons or thrown items, stealth, claws 1, fangs 3,
see invisible, carnivore, speed 1, shaggy fur 1, slow metabolism 1, sharp paws
a: Stomp, Renounce Religion


You were on level 5 of the Dungeon.
You worshipped Uskayaw.
Uskayaw was noncommittal.
You were not hungry.

You visited 1 branch of the dungeon, and saw 5 of its levels.

You collected 66 gold pieces.

Inventory:

Missiles
 b - 44 stones
 h - 25 arrows
Wands
 j - a wand of iceblast (3)
Scrolls
 a - a scroll of amnesia {unknown}
 e - a scroll of fear {unknown}
Books
 d - a book of Geomancy

   Spells                             Type                      Level
   a - Sandblast                      Earth                        1
   b - Passwall                       Transmutation/Earth          2
   c - Stone Arrow                    Conjuration/Earth            3
   d - Petrify                        Transmutation/Earth          4
   e - Lee's Rapid Deconstruction     Earth                        5
Comestibles
 c - 3 rations (in mouth)


   Skills:
 - Level 2.6 Dodging
 + Level 5.3 Stealth
 + Level 3.0 Unarmed Combat
 - Level 2.0 Spellcasting
 - Level 1.1 Transmutations
 - Level 2.6 Earth Magic


You had 3 spell levels left.
You knew the following spells:

 Your Spells              Type           Power        Failure   Level  Hunger
a - Sandblast             Erth           ##....       7%          1    #......
p - Passwall              Tmut/Erth      #.........   14%         2    ###....


Dungeon Overview and Level Annotations

Branches:
Dungeon (5/15)
 Temple: D:4-7

Altars:
Uskayaw

Shops:
D:4 (


Innate Abilities, Weirdness & Mutations

You cannot wear armour.
You are incapable of wielding weapons or throwing items.
Your paws allow you to move quietly. (Stealth)
You have sharp claws.
You have razor-sharp teeth.
You have supernaturally acute eyesight. (SInv)
You are carnivorous and can eat meat at any time.
You cover ground quickly.
You are covered in fur. (AC +1)
You have a slow metabolism.
Your sharp claws are effective at attacking unaware monsters.


Message History

b - 50 stones The orc hits you.
Casting: Sandblast
Confirm with . or Enter, or press ? or * to list all spells.
Aiming: Sandblast
Press: ? - help, Shift-Dir - straight line, f/p - orc
Aim: an orc (severely wounded)
The blast of sand hits the orc.
You kill the orc!
b - 49 stones Magic restored.
There is a stone staircase leading up here.
There is a hide-covered altar of Uskayaw here.
You sit before the altar of Uskayaw.
Uskayaw welcomes you!
Casting: Sandblast
Confirm with . or Enter, or press ? or * to list all spells.
Aiming: Sandblast
Press: ? - help, Shift-Dir - straight line, f - adder
Aim: an adder (hasn't noticed you)
The blast of sand misses the adder.
b - 48 stones The adder hisses angrily.
You hear the slow hiss of a very distant avalanche of sand.
The adder bites you.
Casting: Sandblast
Confirm with . or Enter, or press ? or * to list all spells.
Aiming: Sandblast
Press: ? - help, Shift-Dir - straight line, f/p - adder
Aim: an adder The blast of sand misses the adder.
b - 47 stones The adder bites you.
* * * LOW HITPOINT WARNING * * *
You are poisoned.
The adder poisons you!
Casting: Sandblast
Confirm with . or Enter, or press ? or * to list all spells.
Aiming: Sandblast
Press: ? - help, Shift-Dir - straight line, f/p - adder
Aim: an adder The blast of sand hits the adder.
The adder is severely wounded.
b - 46 stones You feel sick.
The adder closely misses you.
Casting: Sandblast
Confirm with . or Enter, or press ? or * to list all spells.
Aiming: Sandblast
Press: ? - help, Shift-Dir - straight line, f/p - adder
Aim: an adder (severely wounded)
The blast of sand misses the adder.
b - 45 stones The adder bites you.
* * * LOW HITPOINT WARNING * * *
The adder barely misses you.
Casting: Sandblast
Confirm with . or Enter, or press ? or * to list all spells.
Aiming: Sandblast
Press: ? - help, Shift-Dir - straight line, f/p - adder
Aim: an adder (severely wounded)
The blast of sand hits the adder.
You kill the adder!
Your Unarmed Combat skill increases to level 3!
b - 44 stones
* * * LOW HITPOINT WARNING * * *
You feel sick.
You can now stomp with the beat.
It was a potion of flight.
You feel very buoyant.
You fly up into the air.
It was a potion of agility.
You feel agile all of a sudden.
* * * LOW HITPOINT WARNING * * *
You feel sick.
Wield which item (- for none, * to show all)? (? for menu, Esc to quit)
c - 3 rations (in mouth)
You swing at nothing.
All of the chunks of flesh in your inventory have rotted away.
You swing at nothing.
* * * LOW HITPOINT WARNING * * *
You feel sick.
You swing at nothing.
You swing at nothing.
You swing at nothing.
* * * LOW HITPOINT WARNING * * *
You feel sick.
You swing at nothing.
You swing at nothing.
You swing at nothing.
* * * LOW HITPOINT WARNING * * *
You feel sick.
You swing at nothing.
You swing at nothing.
You die...
You feel sick.
You are no longer poisoned.
You are now level 3!
You rejoin the land of the living...
Found a stone staircase leading down.
Are you sure you want to abandon this character and quit the game? (Confirm with "yes".)

### ... #.#
#.# #. #.#
#..###.####.#
#...........#.
#.@.......
#........#
#>.......##
#........##
#........##
##.......#
##......+
##...#.#


There were no monsters in sight!

Vanquished Creatures
  A hound (D:4)
  A centaur skeleton (D:4)
  3 adders
  A worm (D:5)
  An orc (D:5)
  A giant cockroach (D:2)
  3 goblins (D:2)
  3 hobgoblins
  3 jackals (D:4)
  5 kobolds
  2 ball pythons
  3 bats
  3 rats
30 creatures vanquished.

Notes
Turn   | Place    | Note
-------+----------+-------------------------------------------
     0 | D:1      | tidbits the Felid Earth Elementalist began the quest for the Orb.
     0 | D:1      | Reached XP level 1. HP: 7/7 MP: 4/4
    96 | D:3      | Noticed an orc wizard
   109 | D:2      | Reached skill level 3 in Stealth
   210 | D:1      | You fall through a shaft!
   211 | D:2      | Reached skill level 1 in Unarmed Combat
   248 | D:2      | Reached XP level 2. HP: 11/11 MP: 6/6
   259 | D:2      | Learned a level 2 spell: Passwall
   431 | D:3      | Reached skill level 4 in Stealth
   437 | D:3      | Reached XP level 3. HP: 11/14 MP: 7/7
   486 | D:4      | Found Odasham's Antique Weapon Shop.
   547 | D:4      | Reached skill level 2 in Unarmed Combat
   559 | D:4      | Reached XP level 4. HP: 11/18 MP: 2/8
   595 | D:4      | Noticed a centaur
   625 | D:4      | Reached skill level 5 in Stealth
   627 | D:4      | Noticed an ogre
   638 | D:5      | Entered Level 5 of the Dungeon
   638 | D:5      | Found a hide-covered altar of Uskayaw.
   640 | D:5      | Noticed a dagger
   640 | D:5      | Noticed a dagger
   709 | D:5      | Noticed an ogre
   816 | D:5      | Became a worshipper of Uskayaw the Reveler
   828 | D:5      | Reached skill level 3 in Unarmed Combat
   828 | D:5      | Reached * piety under Uskayaw
   839 | D:5      | HP: 1/18 [poisoned by an adder]
   841 | D:5      | Succumbed to an adder's poison
   842 | D:5      | Reached XP level 3. HP: 0/14 MP: 5/7
   842 | D:5      | Quit the game

Skill      XL: |  1  2  3  4 |
---------------+-------------+-----
Stealth        | 3 4 5 |  5.3
Unarmed Combat | 1 2 3 |  3.0
Dodging        | |  2.6
Spellcasting   | |  2.0
Transmutations | |  1.1
Earth Magic    | |  2.6

Action                   |  1- 3 |  4- 6 || total
-------------------------+-------+-------++-------
Melee: Unarmed           |    14 |     1 ||    15
 Cast: Sandblast         |    21 |    17 ||    38
       Passwall          |     1 |       ||     1
Evoke: Wand              |       |     1 ||     1
  Use: Potion            |       |     3 ||     3
 Stab: Sleeping          |    10 |     1 ||    11
  Eat: Chunk             |     7 |       ||     7
Armor: Skin              |     2 |       ||     2
Dodge: Dodged            |    12 |     4 ||    16

Table legend:
 A = Turns spent in this place as a percentage of turns spent in the entire game.
 B = Non-inter-level travel turns spent in this place as a percentage of non-inter-level travel turns spent in the entire game.
 C = Inter-level travel turns spent in this place as a percentage of turns spent in this place.
 D = Turns resting spent in this place as a percentage of non-inter-level travel turns spent in this place.
 E = Turns spent auto-exploring this place as a percentage of non-inter-level travel turns spent in this place.
 F = Non-inter-level travel turns spent in this place divided by the number of levels of this place that you've seen.
                   A       B       C       D       E      F
               +-------+-------+-------+-------+-------+----------------------
         Total | 100.0 | 100.0 |   0.0 |   0.0 |   0.0 | 168.4
       Dungeon | 100.0 | 100.0 |   0.0 |   0.0 |   0.0 | 168.4
               +-------+-------+-------+-------+-------+----------------------

Table legend:
 A = Kills in this place as a percentage of kills in entire the game.
 B = Kills by you in this place as a percentage of kills by you in the entire game.
 C = Kills by friends in this place as a percentage of kills by friends in the entire game.
 D = Other kills in this place as a percentage of other kills in the entire game.
 E = Experience gained in this place as a percentage of experience gained in the entire game.
 F = Experience gained in this place divided by the number of levels of this place that you have seen.
                   A       B       C       D       E      F
               +-------+-------+-------+-------+-------+----------------------
         Total | 100.0 | 100.0 |   N/A |   N/A | 100.0 |  33.2
       Dungeon | 100.0 | 100.0 |   N/A |   N/A | 100.0 |  33.2
               +-------+-------+-------+-------+-------+----------------------

Vault maps used:
D:1:      evilmike_arrival_fibonacci_small, minmay_pentomino_t2
D:2:      kennysheep_the_goblin_king
D:3:      first_ration, fedhas_altar_3, uniq_ijyb
D:4:      chequers_temple_overflow_statue_of_worship, lemuel_temple_firewalk_b,
          serial_shops, nicolae_shop_statue_plus
D:5:      dancing_weapons_uskayaw, grunt_dithmenos_smoke_and_mirrors,
          cheibrodos_worm_habitat, serial_shops, nicolae_shop_statue_plus,
          enter_ossuary_2, dk_noncrumbling_2, grunt_decor_arrowhead
